 Dungeon Crawl Stone Soup version 0.16-a0-2179-gb75b79b (console) character file.

73 partyhat the Slasher (level 4, -8/31 HPs)
             Began as a High Elf Chaos Knight on Nov 14, 2014.
             Was a Plaything of Xom.
             Killed by divine providence
             ... invoked by an orc priest
              (14 damage)
             ... on level 3 of the Dungeon.
             The game lasted 00:09:33 (2678 turns).

partyhat the Slasher (High Elf Chaos Knight)        Turns: 2678, Time: 00:09:33

Health: -8/31      AC:  6    Str: 11    XL:     4   Next: 8%
Magic:  7/7        EV: 11    Int: 16    God:    Xom
Gold:   99         SH:  0    Dex: 15    Spells: 0 memorised, 3 levels left

rFire  . . .     SeeInvis .     a - +0 falchion (chaos)
rCold  . . .     Clarity  .     b - +2 leather armour
rNeg   . . .     SustAb   .     (no shield)
rPois  .         Gourm    .     r - +0 helmet
rElec  .         Spirit   .     (no cloak)
rCorr  .         Warding  .     (no gloves)
rMut   .         Stasis   .     (no boots)
MR     .....                    (no amulet)
Stlth  +.........               (no ring)
                                (no ring)

@: not resistant to hostile enchantments, very unstealthy
A: no striking features
a: Renounce Religion


You were on level 3 of the Dungeon.
You worshipped Xom.
You were a special plaything of Xom.
You were near starving.

You visited 1 branch of the dungeon, and saw 3 of its levels.

You collected 99 gold pieces.

Inventory:

Hand weapons
 a - a +0 falchion of chaos (weapon)
 d - a +0 short sword
 e - a +0 dagger
Missiles
 i - 31 stones (quivered)
 n - 37 arrows
 o - 14 poisoned arrows
Armour
 b - a +2 leather armour (worn)
 r - a +0 helmet (worn)
Jewellery
 u - a cursed ring of loudness {unknown}
Magical devices
 p - a wand of confusion (16)
Scrolls
 h - 2 scrolls of fog
 j - a scroll of teleportation {unknown}
 k - 2 scrolls of fear {unknown}
 m - a scroll of magic mapping
 w - a scroll of amnesia {unknown}
 x - a scroll of remove curse
Potions
 g - a potion of mutation {unknown}
 l - 2 potions of restore abilities {unknown}
 s - a potion of poison {unknown}
 t - a potion of brilliance {unknown}
 v - a potion of curing {unknown}
Comestibles
 c - 2 bread rations
 f - a fruit
 z - a slice of pizza


   Skills:
 - Level 3.0 Fighting
 + Level 6.0 Long Blades
 - Level 0.8 Armour
 - Level 2.1 Dodging


You had 3 spell levels left.
You didn't know any spells.

Dungeon Overview and Level Annotations

Branches:
Dungeon (3/15)

Altars:
Dithmenos
Okawaru
Ru
Sif Muna
Xom
Zin

Annotations:
D:2 exclusion: downstairs


Message History

Pain shoots through your body!
You closely miss the orc priest.
The orc priest invokes the aid of Beogh against you.
Something smites you!
* * * LOW HITPOINT WARNING * * *
A shower of butterflies erupts from you!
You hit the orc priest but do no damage.
The orc priest is poisoned.
You feel a strange surge of energy!
Your iron imp closely misses the orc priest.
The orc priest misses your iron imp.
You barely miss the orc priest.
The orc priest is lightly wounded.
Your iron imp hits the orc priest!
The orc priest hits you with a dagger.
* * * LOW HITPOINT WARNING * * *
Unknown command.
You closely miss the orc priest.
The orc priest is severely wounded.
The orc priest calls down the wrath of Beogh upon you.
Something smites you!
You die...

## .+ ## ###########
#.........# ####
#.........#
...#####....)...5#####
..............b.5oo(.##
............).b5@###..#
#####.######....5# ##.#
o ...........#.....#
#.# o#
.####.####.#.....#
#.###.#
#.......#.#.#####
#..##o# #.##.##.#.#.#
##.##.# .#.#...#.#.#.#
#o##.# ....._.......#
#..#.#. .#.#...#.#.###
##.#.#...


You could see an orc priest, an orc, a friendly iron imp, 2 friendly quasits and
a friendly white imp.

Vanquished Creatures
  3 adders
  A giant gecko (D:1)
  An ooze (D:1)
  A ball python (D:3)
  6 giant cockroaches
  4 hobgoblins
  7 kobolds
  A quokka (D:2)
  5 bats
  A giant newt (D:1)
  8 goblins
  4 rats (D:1)
42 creatures vanquished.

Notes
Turn   | Place    | Note
--------------------------------------------------------------
     0 | D:1      | partyhat, the High Elf Chaos Knight, began the quest for the Orb.
     0 | D:1      | Reached XP level 1. HP: 16/16 MP: 2/2
   140 | D:1      | Reached skill level 4 in Long Blades
   234 | D:1      | hahahahaha
   234 | D:1      | st you're the best
   275 | D:1      | XOM: harmless Summ miscast
   287 | D:1      | Reached XP level 2. HP: 19/21 MP: 3/3
   395 | D:1      | runed centaur barding sure
   436 | D:1      | XOM: smoke on damage
   778 | D:1      | XOM: harmless Pois miscast
   888 | D:1      | Reached skill level 5 in Long Blades
   963 | D:2      | Found a glowing silver altar of Zin.
   966 | D:2      | Noticed an angel
   968 | D:2      | Found a shimmering altar of Xom.
   977 | D:2      | :(
  1043 | D:2      | Found a deep blue altar of Sif Muna.
  1086 | D:2      | XOM: polymorph kobold -> goblin
  1113 | D:2      | Reached XP level 3. HP: 24/26 MP: 5/5
  1143 | D:2      | Found an iron altar of Okawaru.
  1166 | D:2      | XOM: god gift: 4 poisoned tomahawks
  1395 | D:2      | XOM: summons 1 hostile demon
  1396 | D:2      | Noticed a soul eater
  1396 | D:2      | w.t.f.
  1471 | D:2      | XOM: colour smoke trail
  1572 | D:2      | jesus d:2 drain life
  1624 | D:2      | Found a shadowy altar of Dithmenos.
  2109 | D:3      | XOM: summons 1 hostile demon
  2110 | D:3      | Noticed a ynoxinul
  2110 | D:3      | oh c'mon!
  2317 | D:3      | Reached XP level 4. HP: 28/31 MP: 7/7
  2531 | D:3      | Found a sacrificial altar of Ru.
  2534 | D:3      | what is ru
  2534 | D:3      | is it the god of spam
  2537 | D:3      | XOM: 2-stop teleportation journey
  2575 | D:3      | Reached skill level 6 in Long Blades
  2674 | D:3      | XOM: summons 4 friendly demons
  2675 | D:3      | XOM: butterfly on damage
  2678 | D:3      | Killed from afar by an orc priest

Action                   |  1- 3 |  4- 6 || total
-------------------------+-------+-------++-------
Melee: Falchion          |    84 |    22 ||   106
Throw: Tomahawk          |     6 |     2 ||     8
  Use: Scroll            |     3 |       ||     3
 Stab: Paralysed         |     1 |       ||     1
  Eat: Chunk             |     3 |       ||     3
       Fruit             |       |     1 ||     1
